Map: [ESL] Alcyone

Players

TYTY - Winner!

  • Race: Terran Terran
  • Spawn Location: 7:00

Maru

  • Race: Terran Terran
  • Spawn Location: 1:00

VOD

Have the link to the VOD?

Description

Time

  • Played on: May 2, 2024, 5:20 a.m.
  • Length: 28:08
Show
View Real Time Build Order
Export as new Build Order

TYTY Terran - Winner!

Build Orders: Gas First Reaper Expand, Banshee Rush 

Get SALT Encoding   

  12  0:00  SCV  
  13  0:12  SCV  
  14  0:17  Supply Depot  
  14  0:24  SCV  
  15  0:30  Refinery  
  15  0:38  SCV  
  16  0:43  Barracks  
  16  0:50  SCV  
  17  1:02  SCV  
  18  1:14  SCV  
  19  1:30  Orbital Command, Reaper  
  20  1:42  Command Center  
  20  1:55  Factory  
  20  1:58  SCV  
  21  2:08  Reaper, Supply Depot  
  21  2:12  SCV  
  23  2:28  Refinery  
  23  2:29  SCV  
  24  2:38  Hellion  
  24  2:40  Marine  
  24  2:42  SCV  
  28  2:44  Starport  
  28  2:54  SCV  
  29  3:00  Hellion  
  29  3:01  Barracks Tech Lab  
  29  3:03  Orbital Command  
  30  3:07  SCV  
  31  3:27  Banshee  
  31  3:29  Cloaking Field  
  31  3:30  SCV  
  35  3:35  SCV  
  35  3:38  Widow Mine  
  38  3:42  SCV  
  38  3:44  Supply Depot  
  38  3:45  Barracks Reactor  
  38  3:48  SCV  
  40  3:54  SCV  
  41  4:00  SCV  
  42  4:03  Command Center  
  42  4:06  SCV  
  42  4:08  Factory Tech Lab  
  43  4:10  Banshee  
  43  4:12  SCV  
  43  4:13  Refinery  
  47  4:19  SCV  
  47  4:22  Refinery  
  50  4:30  Supply Depot  
  50  4:31  Siege Tank  
  50  4:34  SCV  
  50  4:35  SCV  
  53  4:44  Marine  
  54  4:51  Marine, Factory  
  54  4:52  SCV x2  
  57  4:58  Supply Depot  
  57  5:04  SCV x2  
  57  5:05  Siege Tank  
  62  5:12  Supply Depot x2  
  62  5:16  SCV x2  
  62  5:19  Viking x2  
  62  5:20  Marine  
  66  5:27  Orbital Command  
  66  5:28  SCV  
  67  5:31  SCV  
  68  5:39  Siege Tank  
  68  5:40  SCV  
  72  5:44  Siege Tank  
  72  5:49  Viking  
  77  5:50  Orbital Command, Viking  
  79  5:57  SCV x2  
  81  6:09  SCV x2  
  81  6:10  Supply Depot x2  
  83  6:12  Siege Tank  
  83  6:16  SCV  
  83  6:17  Siege Tank, Refinery  
  90  6:20  Refinery  
  90  6:21  Viking, SCV  
  90  6:24  SCV  
  94  6:28  SCV  
  94  6:30  Armory  
  95  6:33  SCV  
  95  6:36  SCV  
  95  6:37  Supply Depot  
  97  6:44  Viking  
  97  6:45  Siege Tank  
  97  6:46  SCV x2  
  104  6:48  SCV  
  104  6:51  Viking  
  104  6:53  Supply Depot  
  107  6:54  Supply Depot  
  107  6:58  SCV  
  108  7:02  SCV, Starport x2  
  109  7:13  Siege Tank  
  109  7:14  SCV x2  
  114  7:20  Terran Vehicle And Ship Armor Level 1  
  114  7:21  SCV, Engineering Bay  
  115  7:23  Siege Tank  
  115  7:26  SCV x2  
  120  7:36  Command Center  
  120  7:37  Supply Depot  
  120  7:43  SCV x2  
  120  7:44  SCV  
  123  7:46  Viking x2  
  123  7:47  Starport Tech Lab x2  
  125  7:55  SCV x2  
  133  8:04  Sensor Tower, SCV, Supply Depot  
  134  8:10  Raven  
  130  8:13  Raven  
  130  8:14  Missile Turret, SCV x2  
  130  8:16  SCV  
  130  8:17  Viking x2  
  139  8:22  Missile Turret  
  139  8:26  Refinery, SCV x2, Command Center  
  141  8:28  SCV  
  141  8:29  Interference Matrix  
  141  8:33  Armory  
  142  8:36  Refinery  
  142  8:38  SCV x2  
  144  8:42  Sensor Tower  
  144  8:44  SCV, Raven  
  144  8:47  Raven  
  149  8:49  Viking x2  
  149  8:50  SCV x2  
  155  8:56  SCV  
  155  9:02  SCV x2  
  157  9:12  Planetary Fortress  
  157  9:18  Terran Ship Weapons Level 1, SCV  
  157  9:19  SCV x2  
  160  9:25  Terran Vehicle And Ship Armor Level 2  
  160  9:27  Viking, Starport x2  
  160  9:30  SCV  
  160  9:31  Viking, SCV x2  
  167  9:38  Orbital Command  
  167  9:40  Command Center  
  167  9:43  Missile Turret, SCV x3, Raven  
  172  9:52  Siege Tank x2, Missile Turret  
  178  9:55  SCV x3  
  180  10:06  Viking x2  
  174  10:12  Raven  
  174  10:13  Starport Tech Lab x2  
  172  10:24  Siege Tank  
  172  10:27  Unknown, Supply Depot  
  175  10:29  Orbital Command, Missile Turret, Raven  
  180  10:36  Missile Turret  
  180  10:41  Raven  
  182  10:48  Viking x2, Raven  
  185  10:55  SCV x4  
  185  10:56  Missile Turret, Planetary Fortress  
  192  10:59  Missile Turret  
  192  11:01  Missile Turret  
  192  11:03  Sensor Tower  
  192  11:07  SCV x2  
  192  11:10  Command Center  
  194  11:12  Command Center  
  194  11:13  Siege Tank  
  194  11:14  Viking  
  199  11:20  Missile Turret  
  199  11:23  Fusion Core  
  196  11:44  Viking x2  
  188  11:47  Raven  
  188  11:48  Raven x3  
  194  11:58  Starport  
  194  12:00  Starport  
  194  12:04  Command Center  
  194  12:05  Missile Turret  
  194  12:07  Missile Turret  
  194  12:08  Missile Turret x2  
  194  12:12  Weapon Refit  
  194  12:17  Hi-Sec Auto Tracking  
  194  12:22  Terran Ship Weapons Level 2  
  194  12:23  Terran Vehicle And Ship Armor Level 3  
  194  12:25  Viking x3  
  200  12:33  Missile Turret x2  
  200  12:38  Starport Reactor x2  
  199  12:49  Orbital Command  
  199  12:50  Planetary Fortress  
  198  12:53  Missile Turret  
  198  12:54  Viking  
  198  12:56  Refinery  
  200  12:58  Refinery  
  200  12:59  Sensor Tower  
  200  13:01  Missile Turret  
  200  13:03  Missile Turret  
  194  13:06  Smart Servos  
  194  13:14  Neosteel Armor  
  194  13:20  Viking x3  
  200  13:30  Missile Turret x2  
  200  13:31  Missile Turret  
  200  13:32  Starport  
  200  13:36  Missile Turret  
  200  13:47  Hellion x2  
  194  13:48  Battlecruiser  
  194  13:51  Missile Turret  
  196  13:57  Sensor Tower  
  194  14:10  Battlecruiser  
  194  14:14  Starport Tech Lab  
  194  14:19  Missile Turret  
  194  14:25  Missile Turret  
  194  14:26  Battlecruiser  
  194  14:27  Missile Turret  
  200  14:33  Missile Turret  
  190  14:53  Battlecruiser  
  196  15:01  Missile Turret x2  
  196  15:04  Battlecruiser  
  196  15:05  Missile Turret  
  200  15:09  Missile Turret, Command Center  
  200  15:12  Terran Vehicle Weapons Level 1  
  200  15:13  Terran Ship Weapons Level 3  
  200  15:23  Missile Turret  
  194  15:30  Missile Turret  
  194  15:31  Battlecruiser  
  194  15:32  Missile Turret  
  194  15:33  Missile Turret  
  200  15:38  Missile Turret  
  197  15:58  Missile Turret  
  197  15:59  Missile Turret  
  193  16:06  Battlecruiser  
  193  16:09  Missile Turret  
  195  16:31  Viking x3  
  177  16:34  Viking x4  
  177  16:36  Raven  
  177  16:37  Viking  
  177  16:38  Battlecruiser  
  177  16:39  Thor x2  
  150  16:58  Missile Turret  
  150  16:59  Missile Turret  
  150  17:01  Viking x2  
  146  17:02  Refinery  
  146  17:04  Viking x2  
  146  17:05  Battlecruiser  
  157  17:08  Viking x3  
  157  17:10  Viking  
  157  17:11  Missile Turret  
  157  17:12  Viking  
  151  17:24  Thor x2  
  154  17:31  Viking x2  
  154  17:34  Viking  
  130  17:44  Viking x3  
  130  17:45  Viking x2  
  113  17:59  Orbital Command  
  113  18:00  Viking  
  113  18:01  Terran Vehicle Weapons Level 2, Viking  
  113  18:03  Viking  
  117  18:07  Thor x2  
  117  18:09  Raven  
  117  18:10  Viking  
  133  18:15  Raven  
  133  18:30  Raven  
  133  18:31  Viking x2, Raven  
  133  18:32  Viking x2  
  145  18:39  Orbital Command  
  145  18:42  Viking x2  
  145  18:43  Viking  
  151  18:55  Thor  
  151  18:56  Thor  
  151  18:59  Raven  
  151  19:01  Viking  
  167  19:07  Viking x2  
  165  19:12  Orbital Command  
  160  19:20  SCV x3  
  164  19:24  SCV  
  163  19:36  Viking x3  
  163  19:37  Viking x4  
  173  19:55  Thor x2  
  173  19:57  Viking x2  
  173  19:58  Viking  
  161  20:06  Viking  
  143  20:08  Viking  
  143  20:09  Viking  
  143  20:11  Viking  
  143  20:13  Viking  
  151  20:15  SCV  
  151  20:18  SCV x3  
  152  20:38  SCV x2, Thor  
  152  20:39  Raven x2  
  152  20:40  Raven  
  166  20:44  Orbital Command  
  166  20:48  SCV x4  
  170  20:52  Viking x2  
  170  20:56  SCV  
  174  21:00  SCV x3  
  177  21:06  Viking x2  
  183  21:13  Refinery, Viking  
  186  21:21  Thor  
  186  21:24  Viking  
  192  21:27  Orbital Command  
  194  21:39  SCV x3  
  200  21:40  SCV  
  200  21:44  Battlecruiser  
  200  21:55  Missile Turret  
  200  21:56  Missile Turret  
  200  22:06  Siege Tank x2  
  148  22:38  Battlecruiser, Siege Tank  
  148  22:39  SCV  
  148  22:40  SCV x2  
  148  22:41  SCV x3  
  157  22:48  Viking  
  157  22:49  Viking  
  157  22:50  Battlecruiser  
  165  22:51  SCV  
  165  22:52  SCV  
  165  22:55  Refinery  
  167  23:08  Battlecruiser  
  169  23:13  SCV x2  
  169  23:16  Missile Turret  
  169  23:19  Viking  
  162  23:22  SCV x2  
  163  23:31  Hellion  
  163  23:32  Hellion  
  160  23:37  SCV  
  160  23:38  SCV x4  
  161  23:41  Missile Turret  
  161  23:42  Missile Turret  
  161  23:43  Refinery  
  161  23:44  Viking, Missile Turret  
  161  23:47  Missile Turret, SCV x2  
  158  23:49  SCV  
  158  23:50  SCV x4  
  158  23:52  Battlecruiser  
  158  23:54  Viking  
  169  23:59  SCV  
  169  24:02  SCV x3  
  171  24:05  SCV x2  
  171  24:07  Missile Turret  
  171  24:09  Missile Turret  
  174  24:15  Hellion, Missile Turret, Command Center  
  174  24:16  Missile Turret, Hellion  
  177  24:17  Battlecruiser  
  177  24:19  SCV x2  
  177  24:20  SCV  
  177  24:23  SCV  
  185  24:25  Missile Turret  
  185  24:26  Missile Turret  
  185  24:27  Missile Turret  
  182  24:39  Battlecruiser  
  182  24:43  Missile Turret  
  188  24:46  Missile Turret  
  188  24:48  Missile Turret, Hellion x2  
  188  24:49  Viking x2  
  193  24:57  Orbital Command  
  193  24:58  Viking x2  
  195  25:03  Viking  
  195  25:05  Missile Turret  
  195  25:07  Missile Turret  
  197  25:08  Missile Turret x2  
  197  25:11  Viking  
  198  25:24  Missile Turret  
  198  25:26  Missile Turret x2  
  198  25:27  Missile Turret  
  198  25:28  Unknown  
  198  25:31  Orbital Command  
  198  25:32  Viking, Raven  
  199  25:39  Viking  
  199  25:40  Refinery  
  199  25:42  Refinery  
  199  25:43  Viking  
  198  25:50  Viking  
  189  26:20  Raven x2  
  189  26:25  Missile Turret  
  191  26:30  Missile Turret  
  191  26:32  Viking x2, Missile Turret  
  183  26:33  Viking  
  186  26:48  Viking  
  186  26:52  Viking  
  190  26:56  Missile Turret  
  190  26:57  Viking, Missile Turret  
  192  27:03  Viking  
  194  27:11  Missile Turret  
  194  27:12  Missile Turret, Command Center  
  183  27:18  Raven  
  183  27:19  Viking, Raven  
  187  27:23  Viking  
  186  27:35  Viking  
Show
View Real Time Build Order
Export as new Build Order

Maru Terran 

Build Orders: Reaper Expand 

Get SALT Encoding   

  12  0:00  SCV  
  13  0:12  SCV  
  14  0:16  Supply Depot  
  14  0:24  SCV  
  15  0:38  SCV  
  15  0:39  Barracks  
  15  0:42  Refinery  
  16  0:50  SCV  
  17  1:02  SCV  
  18  1:14  SCV  
  19  1:26  Orbital Command, Reaper  
  20  1:40  Command Center  
  20  1:51  Supply Depot  
  20  1:52  SCV  
  21  1:59  Reaper  
  22  2:04  SCV  
  23  2:16  SCV  
  23  2:20  Factory  
  24  2:28  SCV  
  25  2:34  Command Center  
  25  2:39  Refinery  
  25  2:41  Barracks Reactor  
  25  2:45  SCV  
  26  2:52  Orbital Command  
  26  2:57  SCV  
  26  3:09  SCV  
  26  3:12  Cyclone  
  29  3:17  SCV  
  29  3:18  Marine x2  
  32  3:22  SCV  
  32  3:26  Starport  
  33  3:29  SCV  
  31  3:35  SCV, Marine  
  31  3:36  Marine  
  33  3:42  SCV  
  33  3:44  Factory Tech Lab  
  33  3:45  Refinery  
  33  3:47  SCV  
  35  3:48  Orbital Command  
  35  3:54  SCV  
  35  3:55  Marine x2  
  38  3:59  SCV  
  39  4:03  Supply Depot  
  39  4:06  SCV  
  39  4:07  Siege Tank  
  39  4:09  Starport Tech Lab  
  43  4:12  SCV  
  43  4:14  SCV  
  45  4:18  Marine x2  
  45  4:20  SCV  
  48  4:24  SCV  
  48  4:26  Refinery  
  48  4:27  SCV  
  48  4:28  Raven  
  48  4:29  Interference Matrix  
  52  4:32  SCV  
  52  4:34  Supply Depot  
  52  4:36  SCV  
  54  4:39  Siege Tank  
  54  4:41  Marine  
  54  4:42  Marine  
  54  4:43  SCV  
  60  4:47  SCV  
  60  4:48  SCV  
  62  4:56  SCV  
  62  4:59  SCV  
  64  5:00  SCV, Barracks x2  
  64  5:05  Raven  
  64  5:08  SCV  
  64  5:11  SCV  
  66  5:15  SCV  
  66  5:18  Cyclone  
  66  5:20  SCV  
  68  5:23  SCV  
  68  5:26  Factory  
  68  5:27  SCV  
  68  5:32  SCV, Barracks Reactor  
  68  5:35  SCV  
  68  5:39  SCV  
  68  5:40  Supply Depot  
  68  5:41  Starport  
  68  5:42  Raven  
  71  5:44  SCV, Supply Depot  
  71  5:47  SCV  
  73  5:51  SCV  
  73  5:52  Siege Tank  
  77  5:59  Orbital Command  
  77  6:01  SCV  
  77  6:03  Supply Depot  
  77  6:07  SCV  
  78  6:13  SCV  
  78  6:15  Hellion x2  
  83  6:19  SCV, Supply Depot  
  83  6:23  Raven  
  83  6:25  SCV x2  
  87  6:27  Hurricane Engines  
  87  6:31  SCV  
  87  6:32  Viking x2  
  93  6:37  Refinery x2, SCV  
  94  6:41  SCV  
  94  6:43  SCV  
  94  6:45  Cyclone x2  
  100  6:48  Supply Depot  
  100  6:49  SCV  
  100  6:53  SCV  
  102  6:56  SCV  
  102  6:58  Armory  
  102  6:59  Armory  
  103  7:01  Viking, SCV  
  103  7:06  Viking, SCV  
  109  7:10  SCV  
  109  7:13  SCV  
  109  7:14  Supply Depot  
  110  7:19  SCV  
  110  7:21  Command Center  
  110  7:22  Viking, SCV  
  114  7:28  Siege Tank  
  117  7:35  Cyclone x2, Supply Depot  
  121  7:38  Viking x2  
  121  7:43  SCV  
  126  7:45  SCV  
  127  7:52  Viking, Terran Vehicle And Ship Armor Level 1, Terran Ship Weapons Level 1  
  129  7:59  Supply Depot  
  129  8:03  SCV, Engineering Bay  
  130  8:08  Viking x2, Barracks Tech Lab  
  134  8:12  Factory  
  134  8:20  SCV, Command Center  
  134  8:22  Viking  
  137  8:32  SCV x2  
  137  8:34  SCV  
  137  8:38  Viking, Raven  
  142  8:44  SCV, Fusion Core  
  142  8:46  SCV x2, Starport  
  142  8:47  Refinery x2  
  145  8:54  Siege Tank  
  148  8:56  SCV  
  148  9:01  SCV x2  
  148  9:02  Command Center  
  151  9:08  Viking  
  151  9:09  Planetary Fortress  
  153  9:16  Siege Tank  
  156  9:17  Missile Turret  
  156  9:22  Command Center  
  156  9:26  Starport Tech Lab, Command Center  
  156  9:33  Battlecruiser  
  156  9:36  Weapon Refit  
  156  9:37  Viking  
  156  9:38  Viking  
  166  9:45  Missile Turret  
  166  9:46  Missile Turret  
  166  9:58  Refinery  
  165  10:00  Refinery  
  151  10:07  Viking  
  151  10:11  Battlecruiser, Viking  
  151  10:13  Terran Ship Weapons Level 2, Terran Vehicle And Ship Armor Level 2  
  155  10:14  Orbital Command  
  155  10:26  Cyclone x2  
  155  10:27  Cyclone x2  
  155  10:28  Command Center  
  163  10:34  Starport  
  163  10:37  Orbital Command  
  163  10:38  Orbital Command  
  163  10:43  Orbital Command  
  163  10:47  Viking  
  165  10:58  Cyclone  
  165  11:00  Battlecruiser  
  173  11:08  SCV x3  
  173  11:09  SCV  
  177  11:12  Starport Tech Lab, Starport  
  177  11:18  Missile Turret  
  177  11:19  Missile Turret  
  177  11:22  Viking  
  177  11:24  Viking x2  
  183  11:29  Orbital Command  
  182  11:34  Viking  
  182  11:37  Sensor Tower  
  162  11:52  Viking  
  160  11:54  Battlecruiser, Viking  
  160  11:56  Starport Reactor  
  160  12:00  SCV x2  
  169  12:04  Battlecruiser, Viking  
  177  12:17  Missile Turret  
  177  12:25  Viking x2  
  181  12:31  Terran Ship Weapons Level 3, Terran Vehicle And Ship Armor Level 3  
  181  12:34  Battlecruiser  
  181  12:37  Viking x2  
  191  12:45  Orbital Command  
  191  12:46  SCV x3  
  194  12:55  Orbital Command, Viking  
  196  13:03  Viking x2  
  200  13:07  Starport  
  200  13:08  Starport  
  200  13:18  Sensor Tower  
  200  13:22  Missile Turret x2  
  200  13:25  Missile Turret  
  200  13:29  Refinery  
  200  13:30  Refinery x2  
  200  13:31  Missile Turret x2  
  200  13:45  Viking x2  
  200  13:46  Viking  
  197  13:55  Viking  
  197  13:57  Starport Reactor x2  
  199  14:05  Orbital Command  
  193  14:27  Viking x2  
  197  14:37  Viking  
  196  14:49  Neosteel Armor  
  189  14:55  Viking  
  191  15:02  Viking  
  192  15:09  Viking x4  
  195  15:22  Battlecruiser  
  195  15:25  Command Center  
  198  15:41  Battlecruiser  
  195  15:52  Viking  
  193  16:04  Battlecruiser  
  193  16:18  Orbital Command, Command Center  
  193  16:23  Supply Depot  
  193  16:24  Supply Depot  
  193  16:29  Hi-Sec Auto Tracking  
  193  16:30  Command Center  
  193  16:31  Battlecruiser, Viking  
  193  16:32  Viking  
  179  16:35  Viking  
  179  16:38  Command Center  
  179  16:39  Viking x5  
  159  16:45  Battlecruiser  
  137  16:57  SCV x4  
  137  16:58  SCV  
  137  17:01  Viking  
  144  17:02  Viking  
  144  17:05  Viking  
  154  17:08  Battlecruiser  
  154  17:09  SCV x4  
  154  17:10  SCV  
  154  17:14  Viking x2  
  161  17:19  Refinery  
  161  17:21  SCV x3  
  160  17:26  Viking x2  
  154  17:35  Battlecruiser, SCV x4  
  156  17:42  Viking  
  150  17:48  SCV x4  
  150  17:49  Battlecruiser  
  150  17:50  Orbital Command  
  149  17:51  SCV  
  149  17:55  Viking x2  
  147  18:00  SCV x3  
  147  18:02  Viking  
  147  18:03  Viking  
  154  18:07  Viking  
  154  18:12  Battlecruiser  
  162  18:13  SCV x2  
  162  18:19  SCV  
  166  18:20  SCV x3  
  166  18:25  SCV x2  
  168  18:29  Viking  
  168  18:31  Orbital Command  
  168  18:32  SCV x2  
  168  18:34  Unknown  
  168  18:39  Battlecruiser  
  174  18:42  Viking x2  
  174  18:43  Viking  
  174  18:47  Orbital Command  
  180  18:51  SCV  
  180  18:52  SCV x2  
  180  18:54  Battlecruiser  
  180  18:55  Viking x2  
  192  18:59  Viking x2  
  192  19:02  SCV x3  
  195  19:04  SCV x3  
  195  19:06  Refinery  
  195  19:07  Refinery  
  197  19:13  Orbital Command  
  196  19:25  Command Center  
  196  19:26  Missile Turret  
  196  19:29  Missile Turret  
  194  19:35  Viking x3  
  191  19:46  Viking  
  191  19:47  Battlecruiser  
  199  19:56  Battlecruiser  
  199  19:58  Battlecruiser  
  175  20:02  Viking x2  
  151  20:08  Viking x2  
  145  20:20  Viking x3  
  144  20:21  SCV x4  
  144  20:22  SCV x2  
  144  20:23  SCV  
  144  20:27  Viking  
  144  20:39  Cyclone x3  
  144  20:40  Cyclone  
  152  20:51  Battlecruiser  
  164  21:04  Battlecruiser  
  164  21:10  Missile Turret  
  164  21:11  Cyclone, Command Center  
  166  21:23  Siege Tank  
  166  21:24  Siege Tank  
  172  21:28  Terran Vehicle Weapons Level 1  
  172  21:31  Command Center  
  172  21:41  Orbital Command, Missile Turret x2  
  172  21:43  Battlecruiser, Refinery  
  178  21:54  Missile Turret  
  178  21:55  Missile Turret  
  178  21:56  Siege Tank, Missile Turret  
  181  22:02  Orbital Command  
  155  22:13  Battlecruiser  
  155  22:14  Viking  
  155  22:15  SCV x2  
  163  22:17  Viking  
  163  22:21  SCV  
  163  22:22  SCV x3  
  163  22:27  SCV x2  
  163  22:28  Viking  
  163  22:29  Viking  
  151  22:35  SCV x3  
  151  22:36  SCV x3  
  148  22:41  Viking x2  
  148  22:42  Viking  
  148  22:43  SCV x2  
  144  22:47  SCV  
  144  22:48  SCV  
  145  22:59  Viking, Raven  
  146  23:12  Viking  
  140  23:17  SCV x4  
  133  23:31  Raven  
  135  23:34  SCV x4  
  135  23:35  SCV x2  
  135  23:38  Orbital Command  
  141  23:43  Planetary Fortress  
  141  23:45  Missile Turret  
  141  23:46  Missile Turret, SCV  
  142  23:49  Refinery, Viking  
  142  23:50  Viking  
  142  23:52  SCV x3  
  142  23:54  Refinery  
  149  23:56  Refinery  
  148  24:04  Viking  
  148  24:05  SCV  
  149  24:10  SCV  
  149  24:11  SCV x5  
  153  24:17  Siege Tank x2  
  153  24:22  SCV  
  159  24:27  SCV x2  
  160  24:31  Missile Turret  
  160  24:32  Refinery, Missile Turret  
  160  24:34  Viking x2  
  160  24:36  Viking  
  164  24:44  Viking x2  
  162  24:46  SCV x2  
  162  24:47  SCV x2  
  161  24:56  Orbital Command, Cyclone  
  158  25:08  Viking  
  160  25:16  Cyclone  
  162  25:26  Command Center  
  162  25:31  Viking x2  
  164  25:42  Cyclone x2  
  165  25:45  Cyclone  
  166  25:51  Cyclone  
  165  26:11  Orbital Command  
  139  26:48  Battlecruiser  
  139  26:50  Missile Turret  
  139  26:51  Missile Turret  
  145  27:27  Cyclone  
  145  27:28  Cyclone  
Tags
 
Add a new tag
Caveats
  • Supply blocks, unpowered buildings, or Contaminate may cause inaccurate times.
  • Supply counts are checked every 10 seconds.